 Dungeon Crawl Stone Soup version 0.28-a0-1199-gef9e1dbd39 (webtiles) character file.

Game seed: 795915583062390582

21 Gargoyl the Skirmisher (level 2, -1/29 HPs)
             Began as a Gnoll Abyssal Knight on Dec 19, 2021.
             Was a Follower of Lugonu.
             Succumbed to Sigmund's poison
             ... on level 3 of the Dungeon.
             The game lasted 00:01:45 (1363 turns).

Gargoyl the Skirmisher (Gnoll Abyssal Knight)       Turns: 1363, Time: 00:01:46

Health: -1/29      AC:  6    Str: 12    XL:     2   Next: 87%
Magic:  5/5        EV: 11    Int:  9    God:    Lugonu [*.....]
Gold:   105        SH:  0    Dex: 12    Spells: 2/2 levels left

rFire   . . .      SeeInvis .   c - +8 long sword of the Jolly Thickets {vorpal, rN++}
rCold   . . .      Faith    .   (no shield)
rNeg    + + .      Spirit   .   g - +0 ring mail
rPois   .          Reflect  .   (no helmet)
rElec   .          Harm     .   (no cloak)
rCorr   .          Rampage  .   (no gloves)
Will    .....                   (no boots)
Stlth   +.........              (no amulet)
HPRegen 0.09/turn               (no ring)
MPRegen 0.09/turn               (no ring)

@: lethally poisoned (-1 -> -12)
A: fangs 1, strong nose, distributed training
a: Renounce Religion, Depart the Abyss


You were on level 3 of the Dungeon.
You worshipped Lugonu.
Lugonu was aware of your devotion.
You visited 1 branch of the dungeon, and saw 3 of its levels.
You visited the Abyss 1 time.

You collected 105 gold pieces.

Inventory:

Hand Weapons
 a - a +1 hand axe
 c - the +8 long sword of the Jolly Thickets (weapon) {vorpal, rN++}
   (You found it on level 2 of the Abyss)

   It inflicts extra damage upon your enemies.
   rN:        It greatly protects you from negative energy.
Missiles
 b - 21 poisoned darts (quivered)
Armour
 g - a +0 ring mail (worn)
Scrolls
 i - a scroll of identify
Potions
 e - a potion of ambrosia
 f - a potion of resistance {unknown}
 h - a potion of curing {unknown}


   Skills:
 + Level 6.5 Fighting
 + Level 0.5 Short Blades
 + Level 0.5 Long Blades
 + Level 4.5 Axes
 + Level 0.5 Maces & Flails
 + Level 0.5 Polearms
 + Level 0.5 Staves
 + Level 0.5 Slings
 + Level 0.5 Bows
 + Level 0.5 Crossbows
 + Level 0.5 Throwing
 + Level 4.5 Armour
 + Level 2.5 Dodging
 + Level 0.5 Stealth
 + Level 0.5 Shields
 + Level 0.5 Unarmed Combat
 + Level 0.5 Spellcasting
 + Level 0.4 Conjurations
 + Level 0.4 Hexes
 + Level 0.4 Summonings
 + Level 0.4 Necromancy
 + Level 0.4 Translocations
 + Level 0.4 Transmutations
 + Level 0.4 Fire Magic
 + Level 0.4 Ice Magic
 + Level 0.4 Air Magic
 + Level 0.4 Earth Magic
 + Level 0.4 Poison Magic
 + Level 4.5 Invocations
 + Level 0.5 Evocations


You had 2 spell levels left.
You didn't know any spells.
Your spell library contained the following spells:

 Spells                   Type           Power      Damage    Failure   Level
 Freezing Cloud           Conj/Ice/Air   0%         6-21      100%        5
 Simulacrum               Ice/Necr       0%         N/A       100%        6
 Polar Vortex             Ice            0%         N/A       100%        9


Dungeon Overview and Level Annotations

Branches:
Dungeon (3/15)

Altars:

Annotations:
D:2 Sigmund


Innate Abilities, Weirdness & Mutations

You have very sharp teeth.
Your uncanny sense of smell can sniff out nearby items.
Your experience applies equally to all skills.


Message History

It was a scroll of blinking.
There is a stone staircase leading down here.
You now have 105 gold pieces (gained 16).
Sigmund the Dreaded comes into view.
He is wielding a +3 scythe of venom and wearing a +2 robe of resistance.
Sigmund shouts!
Sigmund is nearby!
Sigmund is nearby!
Sigmund closely misses you.
You slash Sigmund! You bite Sigmund.
Sigmund is moderately wounded.
Sigmund laughs darkly.
Sigmund points at you and mumbles some strange words.
The magic dart hits you.
You hit Sigmund but do no damage.
Sigmund is moderately wounded.
Sigmund hits you with a +3 scythe of venom.
You are poisoned.
You closely miss Sigmund.
Sigmund is moderately wounded.
You feel very sick.
Sigmund mumbles some strange words.
Sigmund flickers and vanishes!
Deactivating autopickup; reactivate with Ctrl-A.
Something hits you.
You feel sick.
You feel sick.
You feel sick.
You feel sick.
You feel sick.
You feel sick.
You feel sick.
You feel sick.
You are no longer poisoned.
There is a stone staircase leading down here.
Something hits you.
* * * LOW HITPOINT WARNING * * *
You are lethally poisoned!
You climb downwards.
Reactivating autopickup.
You die...

#.. .. #.#
.# . ...[.
..# #.#.# ..
##.#.#
#.#....#####
#.......$...
#.@.......
##.#..####
.$. .# #####
#


There were no monsters in sight!

Vanquished Creatures
  A ball python (D:1)
  An endoplasm (D:1)
  A giant cockroach (D:1)
  3 goblins (D:1)
  4 hobgoblins (D:1)
  3 kobolds (D:1)
  A bat (D:1)
  2 frilled lizards (D:1)
  3 rats (D:1)
19 creatures vanquished.

Notes
Turn   | Place    | Note
-------+----------+-------------------------------------------
     0 | Abyss:1  | Gargoyl the Gnoll Abyssal Knight began the quest for the
                  | Orb.
     0 | Abyss:1  | Reached XP level 1. HP: 23/23 MP: 3/3
    97 | Abyss:1  | Noticed an apocalypse crab
   156 | Abyss:2  | Identified the +8 long sword of the Jolly Thickets {vorpal,
                  | rN++}
   226 | Abyss:2  | Noticed a large abomination
   228 | Abyss:2  | Noticed a great orb of eyes
   228 | D:1      | Escaped the Abyss
   433 | D:1      | Found a faded altar of an unknown god.
   479 | D:1      | Reached XP level 2. HP: 28/29 MP: 5/5
   617 | D:1      | Reached * piety under Lugonu
  1347 | D:2      | Noticed Sigmund
  1362 | D:2      | HP: 1/29 [something (4)]
  1363 | D:3      | Succumbed to Sigmund's poison

Illustrated notes

Levels and vault maps discovered:
D:1:      matt_arrival_refuge, layout_loops_corners,
          hellmonk_ecumenical_altar_lost_god, chequers_big_river
D:2:      layout_loops_ring, serial_shops, shop, moated_statue, uniq_sigmund,
          uniq_terence
D:3:      layout_loops_ring, nicolae_wu_jian_wuxing_cycle, minmay_checkerbox

Action                   || total
-------------------------++-------
Melee: Long sword        ||    29
       Bite              ||     1
Invok: Depart the Abyss  ||     1
  Use: Scroll            ||     4
       Potion            ||     1
Armor: Ring mail         ||     5
       Leather armour    ||     2
Dodge: Dodged            ||    21

Table legend: (Time is in decaauts)
 A = Elapsed time spent in this place.
 B = Non-inter-level travel time spent in this place.
 C = Inter-level travel time spent in this place.
 D = Time resting spent in this place.
 E = Time spent auto-exploring this place.
 F = Levels seen in this place.
 G = Mean time per level.
                   A        B        C        D        E       F      G
               +--------+--------+--------+--------+--------+-----+--------+
         Total |   1388 |   1317 |     71 |      0 |   1088 |   5 |  277.6 |
       Dungeon |   1161 |   1090 |     71 |      0 |    905 |   3 |  387.0 |
         Abyss |    227 |    227 |      0 |      0 |    183 |   2 |  113.5 |
               +--------+--------+--------+--------+--------+-----+--------+

Top non-repeatable levels by time:
     D:1: 1124 daAuts
 Abyss:1: 122 daAuts
 Abyss:2: 105 daAuts
     D:2: 36 daAuts
